 Dungeon Crawl Stone Soup version 0.17.0-1-g61d176b (webtiles) character file.

74501 dvd the Polluter (level 15, -3/126 HPs)
             Began as a Naga Venom Mage on Nov 7, 2015.
             Was the Champion of Cheibriados.
             Killed from afar by Nikola (27 damage)
             ... with a chain lightning
             ... on level 1 of the Spider Nest.
             The game lasted 03:18:42 (25452 turns).

dvd the Polluter (Naga Venom Mage)                 Turns: 25452, Time: 03:18:43

Health: -3/126     AC:  4    Str: 26    XL:     15   Next: 47%
Magic:  4/39       EV: 16    Int: 35    God:    Cheibriados [******]
Gold:   1280       SH:  9    Dex: 28    Spells: 7 memorised, 14 levels left

rFire  . . .     SeeInvis +     c - +7 mace (holy)
rCold  + . .     Clarity  .     w - +0 troll leather armour {Purgy}
rNeg   . . .     SustAt   .     l - +2 buckler {AC+3}
rPois  +         Gourm    .     E - +1 helmet
rElec  .         Spirit   .     F - +0 cloak
rCorr  .         Warding  .     (no gloves)
rMut   +         Stasis   .     u - +2 naga barding {rC+}
MR     ++...                    m - amulet of resist mutation
Stlth  +++++.....               C - ring of protection from magic
                                s - ring of magical power

@: lethally poisoned (-3 -> -5), about to teleport, radiating poison, corroded
equipment, very slow, very resistant to hostile enchantments, quite stealthy
A: see invisible, deformed body, poison resistance, slowness 2, slow metabolism
1, spit poison 2, constrict 1, AC +5
a: Spit Poison, Bend Time, Temporal Distortion, Slouch, Step From Time, Renounce
Religion


You were on level 1 of the Spider Nest.
You worshipped Cheibriados.
Cheibriados was exalted by your worship.
You were not hungry.

You visited 4 branches of the dungeon, and saw 22 of its levels.
You also visited: Ossuary and Ice Cave.

You collected 1280 gold pieces.

Inventory:

Hand Weapons
 a - a +1 flail of draining
 b - a +0 greatsling of evasion
 c - a +7 mace of holy wrath (weapon)
 d - a +3 war axe
 y - a +1 scimitar of flaming
Missiles
 o - 80 sling bullets
 q - 15 sling bullets of frost
Armour
 l - a +2 buckler of protection (worn)
 n - a +0 ice dragon armour
 u - a +2 naga barding of cold resistance (worn)
 w - a +0 troll leather armour (worn) {Purgy}
 E - a +1 helmet (worn)
 F - a +0 cloak (worn)
 T - a +2 shield
Jewellery
 m - an amulet of resist mutation (around neck)
 s - a ring of magical power (left hand)
 z - an uncursed ring of fire
 C - a ring of protection from magic (right hand)
 K - a +2 ring of strength
 L - an uncursed ring of positive energy
 M - an uncursed amulet of stasis
 Q - an uncursed ring of teleportation
 R - an uncursed amulet of guardian spirit
Wands
 e - a wand of fire (11)
 t - a wand of flame (27)
 G - a wand of fire (13)
 P - a wand of fireball (12)
 S - a wand of paralysis (9)
 U - a wand of fire (4)
 V - a wand of draining (8)
 X - a wand of heal wounds (2)
Scrolls
 h - 8 scrolls of identify
 i - 14 scrolls of remove curse
 B - 3 scrolls of magic mapping
 D - 2 scrolls of blinking
 I - a scroll of fog
 J - 3 scrolls of teleportation
Potions
 f - a potion of might
 N - a potion of curing
 O - a potion of cure mutation
 Y - a potion of agility
Books
 g - a book of Death

   Spells                             Type                      Level
   a - Corpse Rot                     Necromancy                   2
   b - Sublimation of Blood           Necromancy                   2
   c - Agony                          Necromancy                   5
   d - Dispel Undead                  Necromancy                   5
   e - Excruciating Wounds            Charms/Necromancy            5
   f - Bolt of Draining               Conjuration/Necromancy       5
 r - a book of the Warp

   Spells                             Type                      Level
   a - Recall                         Summoning/Translocation      3
   b - Gell's Gravitas                Hexes/Translocation          3
   c - Force Lance                    Conjuration/Translocation    4
   d - Phase Shift                    Translocation                5
   e - Warp Weapon                    Charms/Translocation         5
   f - Summon Forest                  Summoning/Translocation      5
 x - a Young Poisoner's Handbook

   Spells                             Type                      Level
   a - Sting                          Conjuration/Poison           1
   b - Cure Poison                    Poison                       2
   c - Mephitic Cloud                 Conjuration/Poison/Air       3
   d - Olgreb's Toxic Radiance        Poison                       4
   e - Venom Bolt                     Conjuration/Poison           5
 A - a book of the Earth

   Spells                             Type                      Level
   a - Leda's Liquefaction            Hexes/Earth                  4
   b - Bolt of Magma                  Conjuration/Fire/Earth       5
   c - Statue Form                    Transmutation/Earth          6
   d - Iron Shot                      Conjuration/Earth            6
   e - Shatter                        Earth                        9
 H - the Volume of Black Rites and Calling
   (You found it on level 1 of the Spider Nest)

   Spells                             Type                      Level
   a - Summon Butterflies             Summoning                    1
   b - Corpse Rot                     Necromancy                   2
   c - Vampiric Draining              Necromancy                   3
   d - Recall                         Summoning/Translocation      3
   e - Excruciating Wounds            Charms/Necromancy            5
   f - Dispel Undead                  Necromancy                   5
 W - a Necronomicon

   Spells                             Type                      Level
   a - Haunt                          Necromancy/Summoning         7
   b - Borgnjor's Revivification      Necromancy                   8
   c - Death's Door                   Charms/Necromancy            8
   d - Necromutation                  Transmutation/Necromancy     8
Comestibles
 j - 4 beef jerkies
 k - 6 meat rations
 p - 14 fruits
 v - 12 bread rations
 Z - 9 royal jellies


   Skills:
 + Level 6.1 Fighting
   Level 3.2 Short Blades
 + Level 2.8(4.1) Axes
 + Level 4.5(4.9) Maces & Flails
 + Level 3.2(4.0) Slings
 + Level 3.6(4.2) Throwing
 + Level 4.3 Armour
 + Level 8.5 Dodging
 + Level 7.8 Stealth
 + Level 6.1 Shields
 + Level 11.2 Spellcasting
 + Level 6.4 Conjurations
 + Level 0.4 Hexes
 * Level 5.4 Necromancy
 + Level 0.8 Translocations
   Level 0.2 Air Magic
 + Level 15.3 Poison Magic
 + Level 9.7 Invocations
 + Level 1.1 Evocations


You had 14 spell levels left.
You knew the following spells:

 Your Spells              Type           Power        Failure   Level  Hunger
a - Sting                 Conj/Pois      ####         1%          1    None
b - Cure Poison           Pois           #######...   0%          2    None
c - Olgreb's Toxic Radia  Pois           #######.     1%          4    None
d - Venom Bolt            Conj/Pois      #######...   1%          5    #......
e - Corpse Rot            Necr           N/A          1%          2    None
f - Gell's Gravitas       Hex/Tloc       ###.......   8%          3    None
g - Bolt of Draining      Conj/Necr      ######....   8%          5    #......


Dungeon Overview and Level Annotations

Branches:
Dungeon (14/15)            Temple (1/1) D:4            Lair (6/8) D:10
 Spider (1/4) Lair:5          Orc (0/4) D:12         Vaults (0/5) D:13
  Swamp: Lair:3-6    Shoals: Lair:3-6     Slime: Lair:6-8

Altars:
Ashenzari
Cheibriados
Dithmenos
Elyvilon
Fedhas
Gozag
Kikubaaqudgha
Makhleb
Nemelex Xobeh
Okawaru
Qazlal
Ru
Sif Muna
Trog
Vehumet
Xom
Yredelemnul
Zin
The Shining One

Annotations:
Spider:1 Louise, Nikola


Innate Abilities, Weirdness & Mutations

You cannot wear boots.
Your serpentine skin is tough (AC +5).
You have supernaturally acute eyesight.
Armour fits poorly on your strangely shaped body.
Your system is resistant to poisons.
You cover ground very slowly.
You have a slow metabolism.
You can spit poison.
You can use your snake-like lower body to constrict enemies.


Message History

Nikola hits you with a rapier of electrocution!!
* * * LOW HITPOINT WARNING * * *
You are electrocuted!
* * * LOW HITPOINT WARNING * * *
A tarantella comes into view.
Drink which item? (? for menu, Esc to quit)
Okay, then.
Evoke which item? (* to show all) (? for menu, Esc to quit)
Zapping:
X - a wand of heal wounds (3)
Press: ? - help, Shift-Dir - straight line, f - you, p - Nikola You feel much better.
This wand has 2 charges left.
You are more poisoned.
Nikola looks even sicker.
The tarantella is poisoned.
You feel sick.
Nikola says, "You don't look like a good insulator."
Nikola mumbles some strange words.
You hear a mighty clap of thunder!
The lightning arc hits you!
* * * LOW HITPOINT WARNING * * *
The lightning arc hits Nikola.
Nikola resists.
The lightning arc hits you!
You die...

≈...#.≈≈.....#.##.#....<†.
.......#≈.......#.........
...^....#.......≈.........
................≈.........
................#.........
..........................
.......>..................
........@.................
.........@................
..........@....[.........
.....................
....................
............†.....
............†....
≈.s.............
(.........†..(.


You could see Nikola (invisible), Louise and a tarantella.

Vanquished Creatures
  An emperor scorpion (Spider:1)
  Nessos (D:13)
  A fire dragon (D:12)
  An entropy weaver (Spider:1)
  4 vault guards (D:13)
  Erolcha (D:8)
  7 hydras
  8 death yaks
  6 centaur warriors
  3 tengu warriors (D:14)
  An ice devil (IceCv)
  3 skeletal warriors (D:14)
  An unseen horror (D:14)
  A wizard (D:14)
  5 hill giants
  A wolf spider (Spider:1)
  A necromancer (IceCv)
  5 cyclopes
  2 griffons
  2 black mambas
  Maurice (D:10)
  Joseph (D:7)
  3 elephants (Lair:5)
  3 ice statues (IceCv)
  10 spiny frogs
  A torpor snail (Lair:3)
  6 komodo dragons
  A tengu conjurer (D:14)
  An efreet (D:14)
  4 trolls
  21 blink frogs
  6 blue devils (IceCv)
  3 polar bears (D:14)
  Grinder (D:5)
  A two-headed ogre (D:10)
  5 redbacks (Spider:1)
  2 trapdoor spiders
  2 wraiths (D:11)
  A deep elf fighter (D:10)
  A shadow (D:13)
  3 deep elf magi
  16 yaks
  2 wyverns
  A hungry ghost (D:12)
  2 basilisks
  Grum (D:8)
  5 vampire mosquitoes (D:13)
  13 hippogriffs
  Menkaure (D:4)
  15 wolves
  Edmund (D:4)
  18 water moccasins
  A soldier ant (D:13)
  2 wasps (D:13)
  5 black bears
  11 spiders
  Purgy (D:4)
  3 sky beasts
  13 porcupines
  2 necrophages
  4 ice beasts
  6 orc warriors
  3 phantoms
  2 eyes of draining
  6 ogres
  11 crocodiles
  11 centaurs
  2 big kobolds
  A brain worm (Lair:4)
  2 gnoll sergeants
  2 elf zombies (Ossuary)
  22 giant frogs
  A wyvern skeleton (D:5)
  2 scorpions
  5 wights (D:11)
  14 killer bees
  A wyvern simulacrum (D:13)
  2 giant frog zombies
  5 crimson imps
  5 orc priests
  2 human zombies (Ossuary)
  A draconian simulacrum (IceCv)
  2 giant frog skeletons
  17 hounds
  15 iguanas
  3 jellies
  11 centaur skeletons
  Terence (D:2)
  11 sheep
  3 troll simulacra (IceCv)
  7 orc wizards
  2 killer bee zombies
  3 quasits
  A spriggan simulacrum (IceCv)
  21 worker ants
  A big kobold zombie (Ossuary)
  2 centaur simulacra
  3 hound zombies
  A hound skeleton (D:9)
  3 mummies (Ossuary)
  2 worker ant zombies
  2 ogre simulacra (IceCv)
  21 adders
  13 river rats
  2 shadow imps
  14 gnolls
  2 naga simulacra (IceCv)
  2 oozes
  2 adder skeletons
  5 adder zombies
  4 worms
  2 giant geckos
  33 orcs
  16 bats
  10 giant cockroaches
  4 gnoll zombies (Ossuary)
  14 hobgoblins
  12 jackals
  A giant gecko zombie (D:1)
  7 giant newts
  14 goblins
  4 goblin zombies (Ossuary)
  7 hobgoblin zombies (Ossuary)
  3 jackal zombies
  15 kobolds
  2 kobold zombies (Ossuary)
  An orc zombie (Ossuary)
  2 quokkas
  A quokka skeleton (D:6)
  A quokka zombie (Ossuary)
  24 rats
  4 rat zombies (Ossuary)
  A fungus (Lair:3)
709 creatures vanquished.

Vanquished Creatures (others)
  An entropy weaver (Spider:1)
  A jumping spider (Spider:1)
  A redback (Spider:1)
  A deep elf mage (D:11)
  A trapdoor spider (Spider:1)
  7 fungi
  3 plants
15 creatures vanquished.

Grand Total: 724 creatures vanquished

Notes
Turn   | Place    | Note
--------------------------------------------------------------
     0 | D:1      | dvd the Naga Venom Mage began the quest for the Orb.
     0 | D:1      | Reached XP level 1. HP: 15/15 MP: 3/3
   404 | D:1      | Reached XP level 2. HP: 20/22 MP: 0/5
   457 | D:1      | You fall through a shaft!
   625 | D:2      | Learned a level 2 spell: Cure Poison
   704 | D:2      | Found a burning altar of Makhleb.
   704 | D:2      | Found a shattered altar of Ashenzari.
   735 | D:2      | Reached skill level 6 in Poison Magic
   735 | D:2      | Reached XP level 3. HP: 23/30 MP: 2/6
   910 | D:2      | Noticed Terence
  1008 | D:2      | Killed Terence
  1008 | D:2      | Reached skill level 1 in Fighting
  1008 | D:2      | Reached XP level 4. HP: 19/38 MP: 4/7
  1015 | D:2      | Learned a level 4 spell: Olgreb's Toxic Radiance
  1834 | D:1      | Reached skill level 1 in Conjurations
  2658 | D:2      | Reached XP level 5. HP: 44/44 MP: 4/8
  2995 | D:3      | Reached skill level 1 in Axes
  3545 | D:3      | Found an iron altar of Okawaru.
  4136 | D:4      | Noticed Purgy
  4146 | D:4      | Killed Purgy
  4146 | D:4      | Reached XP level 6. HP: 26/51 MP: 0/11
  4654 | D:4      | Reached XP level 7. HP: 57/57 MP: 8/12
  4686 | D:4      | Found a white marble altar of Elyvilon.
  4709 | D:4      | Noticed an ogre
  4719 | D:4      | Killed an ogre
  4719 | D:4      | Reached skill level 7 in Poison Magic
  5176 | D:4      | Noticed Menkaure
  5183 | D:5      | Entered Level 5 of the Dungeon
  5260 | D:5      | Found an opulent altar of Gozag.
  5439 | D:5      | Found a sand-covered staircase.
  5444 | Ossuary  | Entered an ossuary
  5473 | Ossuary  | Reached XP level 8. HP: 62/64 MP: 14/14
  5641 | Ossuary  | Reached skill level 1 in Armour
  5945 | Ossuary  | Reached skill level 5 in Stealth
  6082 | Ossuary  | Reached skill level 1 in Short Blades
  6166 | D:5      | Learned a level 3 spell: Mephitic Cloud
  6221 | D:5      | Found a sparkling altar of Nemelex Xobeh.
  6221 | D:5      | Noticed Grinder
  6268 | D:5      | Killed Grinder
  7011 | D:5      | Reached skill level 8 in Poison Magic
  7118 | D:4      | Killed Menkaure
  7118 | D:4      | Reached XP level 9. HP: 74/74 MP: 16/16
  7177 | D:4      | Noticed Edmund
  7190 | D:4      | Killed Edmund
  7271 | D:4      | Found a staircase to the Ecumenical Temple.
  7279 | Temple   | Entered the Ecumenical Temple
  7286 | Temple   | Became a worshipper of Cheibriados the Contemplative
  7479 | D:4      | Reached skill level 5 in Spellcasting
  7823 | D:6      | Reached skill level 1 in Throwing
  8044 | D:6      | Reached * piety under Cheibriados
  8610 | D:6      | Reached skill level 1 in Invocations
  8865 | D:6      | Noticed a moth of wrath
  8868 | D:6      | Found a bloodstained altar of Trog.
  8876 | D:6      | Reached ** piety under Cheibriados
  9422 | D:7      | Noticed Joseph
  9429 | D:7      | Reached skill level 9 in Poison Magic
  9443 | D:7      | Killed Joseph
  9443 | D:7      | Reached skill level 1 in Shields
  9443 | D:7      | Reached XP level 10. HP: 13/84 MP: 1/18
  9591 | D:7      | Reached *** piety under Cheibriados
  9852 | D:7      | Reached skill level 5 in Dodging
 10009 | D:8      | Found an ancient bone altar of Kikubaaqudgha.
 10150 | D:8      | Noticed Grum
 10159 | D:8      | Killed Grum
 10365 | D:8      | Reached **** piety under Cheibriados
 10500 | D:8      | Noticed Erolcha
 10514 | D:8      | Killed Erolcha
 10644 | D:8      | Found a sacrificial altar of Ru.
 10687 | D:8      | Reached skill level 5 in Invocations
 10719 | D:8      | Reached skill level 1 in Maces & Flails
 11123 | D:9      | Reached skill level 10 in Poison Magic
 11285 | D:9      | Reached XP level 11. HP: 67/90 MP: 21/21
 11828 | D:9      | Reached ***** piety under Cheibriados
 12054 | D:10     | Entered Level 10 of the Dungeon
 12174 | D:10     | Found a staircase to the Lair.
 12506 | D:10     | Noticed Maurice
 12517 | D:10     | Killed Maurice
 12577 | D:10     | Noticed a hill giant
 12587 | D:10     | Killed a hill giant
 12587 | D:10     | Reached skill level 1 in Slings
 13350 | Lair:1   | Entered Level 1 of the Lair of Beasts
 13554 | Lair:1   | Reached skill level 11 in Poison Magic
 13804 | Lair:1   | Reached ****** piety under Cheibriados
 14876 | Lair:2   | Learned a level 5 spell: Venom Bolt
 15427 | Lair:3   | Reached XP level 12. HP: 98/98 MP: 19/24
 15748 | Lair:3   | Noticed a death yak
 15750 | Lair:3   | Noticed a death yak
 15758 | Lair:3   | Killed a death yak
 15758 | Lair:3   | Reached skill level 5 in Conjurations
 15759 | Lair:3   | Killed a death yak
 15759 | Lair:3   | Reached skill level 12 in Poison Magic
 15950 | Lair:3   | Noticed an eight-headed hydra
 15957 | Lair:3   | Killed an eight-headed hydra
 17317 | Lair:4   | Noticed a four-headed hydra
 17331 | Lair:4   | Killed a four-headed hydra
 17773 | Lair:5   | Noticed a four-headed hydra
 17783 | Lair:5   | Killed a four-headed hydra
 17783 | Lair:5   | Gained mutation: You can use your snake-like lower body to constrict enemies. [Naga growth]
 17783 | Lair:5   | Reached XP level 13. HP: 94/108 MP: 26/26
 17845 | Lair:5   | Reached skill level 13 in Poison Magic
 18121 | Lair:5   | Reached skill level 5 in Fighting
 18241 | Lair:5   | Found a hole to the Spider Nest.
 18610 | Lair:5   | Noticed a six-headed hydra
 18621 | Lair:5   | Killed a six-headed hydra
 18754 | Lair:5   | Reached skill level 10 in Spellcasting
 19362 | Lair:6   | Reached skill level 5 in Shields
 19788 | D:11     | Reached skill level 14 in Poison Magic
 19962 | D:11     | Learned a level 2 spell: Corpse Rot
 20035 | D:11     | Identified a +0 rod of inaccuracy (12/12) (You took it off an orc on level 11 of the Dungeon)
 20319 | D:11     | Reached skill level 1 in Necromancy
 20350 | D:11     | Reached XP level 14. HP: 117/117 MP: 28/28
 21080 | D:12     | Found a staircase to the Orcish Mines.
 21825 | D:13     | Noticed Nessos
 21830 | D:13     | Killed Nessos
 21895 | D:13     | Learned a level 3 spell: Gell's Gravitas
 21906 | D:13     | Reached skill level 1 in Evocations
 22422 | D:13     | Learned a level 5 spell: Bolt of Draining
 22618 | D:13     | Found a gate to the Vaults.
 22836 | D:13     | Reached skill level 15 in Poison Magic
 23211 | D:14     | Found a frozen archway.
 23247 | IceCv    | Entered an ice cave
 23288 | IceCv    | Reached XP level 15. HP: 126/126 MP: 30/30
 23612 | IceCv    | Got a twisted chain mail
 23623 | IceCv    | Identified the +5 chain mail "Plog" {+Fly rPois Int-3 Dex+2} (You found it in an ice cave)
 24749 | D:14     | Reached skill level 5 in Necromancy
 25308 | Spider:1 | Entered Level 1 of the Spider Nest
 25420 | Spider:1 | Identified the Volume of Black Rites and Calling
 25436 | Spider:1 | Noticed Louise
 25438 | Spider:1 | Noticed Nikola
 25452 | Spider:1 | Killed from afar by Nikola

Action                   |  1- 3 |  4- 6 |  7- 9 | 10-12 | 13-15 || total
-------------------------+-------+-------+-------+-------+-------++-------
Melee: Hand axe          |    23 |    70 |    57 |       |       ||   150
       Short sword       |       |       |   374 |    56 |    41 ||   471
       Flail             |       |       |       |   298 |   232 ||   530
       War axe           |       |       |       |    18 |   125 ||   143
       Staff             |       |       |       |     5 |       ||     5
       Mace              |       |       |       |       |    82 ||    82
       Scimitar          |       |       |       |       |    12 ||    12
 Fire: Greatsling        |       |       |       |    77 |   108 ||   185
       Hunting sling     |       |       |       |     1 |       ||     1
Throw: Javelin           |     3 |     4 |    19 |    53 |    23 ||   102
       Stone             |       |       |       |     1 |       ||     1
 Cast: Sting             |    27 |   111 |   137 |   157 |    19 ||   451
       Cure Poison       |       |     4 |     7 |    63 |    68 ||   142
       Olgreb's Toxic Ra |       |     3 |     9 |    87 |    95 ||   194
       Mephitic Cloud    |       |       |     1 |       |       ||     1
       Venom Bolt        |       |       |       |    35 |    64 ||    99
       Gell's Gravitas   |       |       |       |       |     4 ||     4
       Bolt of Draining  |       |       |       |       |    10 ||    10
Invok: Bend Time         |       |       |       |     2 |     6 ||     8
       Temporal Distorti |       |       |       |     1 |     2 ||     3
       Slouch            |       |       |       |     2 |     7 ||     9
 Abil: Spit Poison       |    18 |    35 |    30 |    52 |    14 ||   149
Evoke: Wand              |       |       |       |     4 |    15 ||    19
  Use: Potion            |       |     2 |    13 |     4 |     5 ||    24
       Scroll            |       |       |    10 |    15 |    10 ||    35
 Stab: Sleeping          |     2 |     2 |     5 |     9 |    19 ||    37
       Confused          |       |       |       |     1 |       ||     1
       Held in net/web   |       |       |       |       |     1 ||     1
  Eat: Chunk             |     1 |    13 |    13 |    23 |    17 ||    67
       Pizza             |       |       |     1 |     1 |       ||     2
       Bread ration      |       |       |     1 |       |       ||     1
       Meat ration       |       |       |       |     1 |       ||     1
       Fruit             |       |       |       |     1 |     1 ||     2
       Beef jerky        |       |       |       |       |     5 ||     5
